 Dungeon Crawl Stone Soup version bcrawl-1.19.1 (webtiles) character file.

Game seed: 8602800252967015502

707 Niddhogr the Stinger (level 7, -4/46 HPs)
             Began as a Demonspawn Venom Mage on Dec 1, 2019.
             Was an Initiate of Gozag.
             Splashed by a jelly's acid (10 damage)
             ... on level 4 of the Dungeon.
             The game lasted 00:10:46 (3523 turns).

Niddhogr the Stinger (Demonspawn Venom Mage)        Turns: 3523, Time: 00:10:46

Health: -4/46      AC: -2    Str:  8    XL:     7   Next: 40%
Magic:  10/10      EV: 12    Int: 19    God:    Gozag
Gold:   222        SH:  0    Dex: 13    Spells: 1/10 levels left

rFire    . . .     SeeInvis .   u - +2 dagger (elec)
rCold    . . .     Gourm    +   (no shield)
rNeg     . . .     Faith    .   a - +0 robe
rPois    +         Spirit   .   m - +1 helmet
rElec    .         Reflect  .   g - +0 cloak
rCorr    .         Harm     .   n - +0 pair of gloves
MR       .....                  (no boots)
Stlth    ++........             x - amulet of the gourmand
HPRegen  0.15/turn              P - ring of poison resistance
MPRegen  0.12/turn              (no ring)

@: corroded
A: hooves 2, demonic guardian 1, powered by death 1
a: Potion Petition, Call Merchant, Bribe Branch, Renounce Religion


You were on level 4 of the Dungeon.
You worshipped Gozag.
Gozag was aware of your devotion.
You were very full.

You visited 1 branch of the dungeon, and saw 4 of its levels.

You collected 309 gold pieces.
You paid 87 gold pieces to Gozag.

Inventory:

Hand Weapons
 i - a +2 spear of venom
 u - a +2 dagger of electrocution (weapon)
 w - a +0 blowgun
Missiles
 r - 66 tomahawks (quivered)
 s - 21 poisoned needles
 Q - 363 arrows
Armour
 a - a +0 robe (worn)
 g - a +0 cloak (worn)
 m - a +1 helmet (worn)
 n - a +0 pair of gloves (worn)
Jewellery
 x - an amulet of the gourmand (around neck)
 P - a ring of poison resistance (left hand)
Wands
 t - a wand of polymorph (8)
Scrolls
 e - 3 scrolls of teleportation {unknown}
 h - 2 scrolls of enchant weapon {unknown}
 j - 2 scrolls of remove curse {unknown}
 o - 5 scrolls of identify {unknown}
 p - a scroll of fear {unknown}
 q - 2 scrolls of magic mapping {unknown}
 y - 2 scrolls of immolation {unknown}
Potions
 b - a potion of invisibility {unknown}
 c - a potion of berserk rage {!q}
 d - a potion of degeneration {!q}
 k - 2 potions of curing {unknown}
 l - 4 potions of heal wounds
 v - a potion of lignification {unknown}
Comestibles
 f - 8 rations {!d}


   Skills:
 + Level 3.8 Polearms
 - Level 1.7 Dodging
 - Level 2.0 Stealth
 - Level 2.0 Spellcasting
 - Level 1.0 Conjurations
 * Level 7.5 Poison Magic


You had one spell level left.
You knew the following spells:

 Your Spells              Type           Power        Failure   Level  Hunger
a - Sting                 Conj/Pois      ###.         3%          1    #......
b - Poisonous Vapours     Pois/Air       ###...       5%          2    ###....
c - Olgreb's Toxic Radia  Pois           ####....     8%          4    #####..
d - Blink                 Tloc           N/A          26%         2    ###....

Your spell library contained the following spells:

 Spells                   Type           Power        Failure   Level  Hunger
 Magic Dart               Conj           #...         11%         1    #......
 Spider Form              Tmut/Pois      ###          11%         3    ###....
 Mephitic Cloud           Conj/Pois/Air  ##......     16%         3    ###....
 Ignite Poison            Fire/Tmut/Pois ##......     19%         3    ###....
 Call Imp                 Summ           #.....       26%         2    ###....
 Summon Scorpions         Summ/Pois      ###.....     34%         4    #####..
 Conjure Flame            Conj/Fire      #.......     38%         3    ###....
 Venom Bolt               Conj/Pois      ###.......   63%         5    ######.


Dungeon Overview and Level Annotations

Branches:
Dungeon (4/12)
 Temple: D:4-7

Altars:
Ashenzari
Gozag


Innate Abilities, Weirdness & Mutations

You have hoof-like feet.
A weak demonic guardian rushes to your aid.
You regenerate a little health from kills.


Message History

You are splashed with acid!
* * * LOW HITPOINT WARNING * * *
You take 12 damage, and have 23/46 hp.
MASSIVE DAMAGE!!
You hit the jelly but do no damage. Lightning courses through the jelly!
The acid corrodes you!
Your hands burn!
* * * LOW HITPOINT WARNING * * *
The jelly hits you.
* * * LOW HITPOINT WARNING * * *
You are splashed with acid!
* * * LOW HITPOINT WARNING * * *
You take 11 damage, and have 12/46 hp.
MASSIVE DAMAGE!!
You hit the jelly but do no damage.
Your hands burn!
* * * LOW HITPOINT WARNING * * *
You kick the jelly, but do no damage. The jelly hits you.
* * * LOW HITPOINT WARNING * * *
You are splashed with acid!
You die...
Your body crumbles into a pile of gold.

###.#>############.#
#.####...# #...# .#
#.# ##### ###.# #.#
#####[############.#
#.#
....÷÷...÷.........#
#.#
.####.##############
#.# ......# #.#
.######
############.# .#
#..J@........# ..
#.############ ###


You could see a jelly.

Levels and vault maps discovered:
D:1:      lightli_molten_gateway, layout_basic
D:2:      layout_rooms, nicolae_ashenzari_panopticon
D:3:      layout_rooms, nicolae_underground_beach, uniq_ijyb
D:4:      layout_loops_ring, first_ration, grunt_decor_mini_mirrors,
          nicolae_gozag_cash_rules_everything_around_me, uniq_robin

Notes
Turn   | Place    | Note
-------+----------+-------------------------------------------
     0 | D:1      | Niddhogr the Demonspawn Venom Mage began the quest for the
                  | Orb.
     0 | D:1      | Reached XP level 1. HP: 13/13 MP: 3/3
    15 | D:1      | Identified a +0 dagger
   296 | D:1      | Identified a +0 mace (You found it on level 1 of the
                  | Dungeon)
   405 | D:1      | Identified a +0 club
   405 | D:1      | Identified a +0 dagger
   465 | D:1      | Identified a +0 dagger
   634 | D:1      | Gained mutation: You have large cloven feet. [demonic
                  | ancestry]
   634 | D:1      | Reached XP level 2. HP: 19/19 MP: 5/5
   638 | D:1      | Learned a level 2 spell: Poisonous Vapours
   731 | D:1      | Identified a +0 cloak (You found it on level 1 of the
                  | Dungeon)
   750 | D:1      | Identified a +2 spear of venom (You found it on level 1 of
                  | the Dungeon)
   820 | D:1      | Identified a +0 club
   971 | D:1      | Identified a +0 club
   972 | D:1      | Identified a ring of poison resistance (You found it on
                  | level 1 of the Dungeon)
  1170 | D:2      | Identified a +0 dagger
  1205 | D:2      | Reached skill level 4 in Poison Magic
  1232 | D:2      | Identified a +0 club
  1275 | D:2      | Reached XP level 3. HP: 23/24 MP: 6/6
  1284 | D:2      | Found a shattered altar of Ashenzari.
  1360 | D:2      | Identified a +1 helmet (You found it on level 2 of the
                  | Dungeon)
  1435 | D:2      | Identified a +0 club
  1437 | D:2      | Identified a +0 club
  1444 | D:2      | Reached skill level 1 in Polearms
  1506 | D:2      | Identified a +0 hunting sling
  1507 | D:2      | Identified a +0 short sword
  1533 | D:2      | Identified a +0 pair of gloves (You found it on level 2 of
                  | the Dungeon)
  1533 | D:2      | Identified a +0 dagger
  1636 | D:2      | Identified a +0 short sword
  1857 | D:3      | Identified a +0 spear
  1859 | D:3      | Identified a +0 whip of pain
  1859 | D:3      | Identified a +0 flail
  1873 | D:3      | Gained mutation: You have hoof-like feet. [demonic
                  | ancestry]
  1873 | D:3      | Reached XP level 4. HP: 28/30 MP: 3/7
  1952 | D:3      | Identified a +0 mace
  1952 | D:3      | Identified a +0 leather armour
  1953 | D:3      | Identified a +0 mace
  1953 | D:3      | Identified a +0 scale mail
  2063 | D:3      | Identified a +0 blowgun
  2082 | D:3      | Learned a level 4 spell: Olgreb's Toxic Radiance
  2117 | D:3      | Identified a +0 club
  2157 | D:3      | Identified a +2 dagger of electrocution
  2157 | D:3      | Identified a +0 hunting sling
  2157 | D:3      | Identified a +0 leather armour
  2157 | D:3      | Noticed Ijyb
  2163 | D:3      | Reached skill level 5 in Poison Magic
  2239 | D:3      | Killed Ijyb
  2239 | D:3      | Reached skill level 2 in Polearms
  2239 | D:3      | Gained mutation: You regenerate a little health from kills.
                  | [demonic ancestry]
  2239 | D:3      | Reached XP level 5. HP: 35/35 MP: 4/8
  2520 | D:4      | Identified a +0 dagger
  2521 | D:4      | Identified a +2 club
  2521 | D:4      | Identified a +0 animal skin
  2521 | D:4      | Identified a cursed -1 helmet
  2521 | D:4      | Noticed Robin
  2521 | D:4      | Identified a +0 dagger
  2521 | D:4      | Identified a cursed -3 hunting sling
  2522 | D:4      | Identified a +0 hunting sling
  2531 | D:4      | Killed Robin
  2556 | D:4      | Identified an amulet of the gourmand (You found it on level
                  | 4 of the Dungeon)
  2576 | D:4      | Identified a +0 short sword
  2576 | D:4      | Identified a +0 ring mail
  2576 | D:4      | Identified a +0 flail
  2576 | D:4      | Identified a +0 flail
  2576 | D:4      | Identified a +0 ring mail
  2598 | D:4      | Identified a +0 dagger
  2598 | D:4      | Identified a +0 robe
  2628 | D:4      | Identified 6 potions of heal wounds
  2629 | D:4      | Gained mutation: A weak demonic guardian rushes to your
                  | aid. [demonic ancestry]
  2629 | D:4      | Reached XP level 6. HP: 34/41 MP: 1/9
  2633 | D:4      | HP: 9/41 [centaur skeleton (6)]
  2637 | D:4      | Reached skill level 6 in Poison Magic
  2668 | D:4      | Learned a level 2 spell: Blink
  2690 | D:4      | Identified a +0 leather armour
  2819 | D:4      | Noticed a sky beast
  2827 | D:4      | Killed a sky beast
  2827 | D:4      | Reached skill level 3 in Polearms
  2894 | D:4      | Identified a cursed +0 leather armour
  2901 | D:4      | Identified a +0 shortbow
  2919 | D:4      | Reached skill level 7 in Poison Magic
  2919 | D:4      | Reached XP level 7. HP: 13/46 MP: 1/10
  3312 | D:4      | Identified a +0 giant spiked club
  3402 | D:4      | Found an opulent altar of Gozag.
  3410 | D:4      | Became a worshipper of Gozag Ym Sagoz the Greedy
  3523 | D:4      | HP: 7/46 [acid (5)]
  3523 | D:4      | Splashed by a jelly's acid

Table legend:
 A = Turns spent in this place as a percentage of turns spent in the entire game.
 B = Non-inter-level travel turns spent in this place as a percentage of non-inter-level travel turns spent in the entire game.
 C = Inter-level travel turns spent in this place as a percentage of turns spent in this place.
 D = Turns resting spent in this place as a percentage of non-inter-level travel turns spent in this place.
 E = Turns spent auto-exploring this place as a percentage of non-inter-level travel turns spent in this place.
 F = Non-inter-level travel turns spent in this place divided by the number of levels of this place that you've seen.
                   A       B       C       D       E      F
               +-------+-------+-------+-------+-------+----------------------
         Total | 100.0 | 100.0 |   4.7 |   0.9 |  77.1 | 839.0
       Dungeon | 100.0 | 100.0 |   4.7 |   0.9 |  77.1 | 839.0
               +-------+-------+-------+-------+-------+----------------------

Table legend:
 A = Kills in this place as a percentage of kills in entire the game.
 B = Kills by you in this place as a percentage of kills by you in the entire game.
 C = Kills by friends in this place as a percentage of kills by friends in the entire game.
 D = Other kills in this place as a percentage of other kills in the entire game.
 E = Experience gained in this place as a percentage of experience gained in the entire game.
 F = Experience gained in this place divided by the number of levels of this place that you have seen.
                   A       B       C       D       E      F
               +-------+-------+-------+-------+-------+----------------------
         Total | 100.0 | 100.0 |   N/A |   N/A | 100.0 | 252.8
       Dungeon | 100.0 | 100.0 |   N/A |   N/A | 100.0 | 252.8
               +-------+-------+-------+-------+-------+----------------------

Skill      XL: |  1  2  3  4  5  6 |
---------------+-------------------+-----
Poison Magic   | 4 5 7 |  7.5
Polearms       | 1 2 3 |  3.8
Dodging        | |  1.7
Stealth        | |  2.0
Spellcasting   | |  2.0
Conjurations   | |  1.0

Action                   |  1- 3 |  4- 6 |  7- 9 || total
-------------------------+-------+-------+-------++-------
Melee: Mace              |    13 |       |       ||    13
       Dagger            |    10 |    75 |    23 ||   108
       Unarmed           |     2 |     2 |       ||     4
       Spear             |    71 |    27 |     3 ||   101
       Kick              |    13 |    12 |     8 ||    33
 Cast: Sting             |     5 |     1 |       ||     6
       Poisonous Vapours |     2 |    18 |     1 ||    21
       Olgreb's Toxic Ra |       |     1 |       ||     1
  Use: Potion            |       |     2 |       ||     2
 Stab: Sleeping          |     4 |       |       ||     4
  Eat: Chunk             |     3 |    19 |     7 ||    29
Armor: Robe              |    13 |    41 |     2 ||    56
Dodge: Dodged            |    43 |    57 |    10 ||   110

Vanquished Creatures
  An ogre (D:4)
  A sky beast (D:4)
  A phantom (D:4)
  A centaur (D:4)
  A howler monkey (D:4)
  2 crimson imps (D:4)
  A quasit (D:4)
  An orc priest (D:4)
  A centaur skeleton (D:4)
  Ijyb (D:3)
  An orc wizard (D:4)
  A hound skeleton (D:4)
  Robin (D:4)
  3 gnolls
  2 adders
  A shadow imp (D:4)
  An ooze (D:2)
  A worm (D:2)
  2 dart slugs
  7 leopard geckos
  5 orcs
  4 bats
  7 giant cockroaches
  12 goblins
  10 hobgoblins
  4 jackals (D:4)
  5 quokkas
  A frilled lizard (D:3)
  6 kobolds
  3 rats
88 creatures vanquished.
